 Dungeon Crawl Stone Soup version 0.20.0-10-g0535bb4 (webtiles) character file.

2521 inmateoo the Fighter (level 9, -4/98 HPs)
             Began as an Ogre Chaos Knight on June 3, 2017.
             Slain by a hippogriff (15 damage)
             ... on level 8 of the Dungeon.
             The game lasted 00:19:10 (4174 turns).

inmateoo the Fighter (Ogre Chaos Knight)            Turns: 4174, Time: 00:19:11

Health: -4/98      AC: -5    Str: 21    XL:     9   Next: 54%
Magic:  9/9        EV: 11    Int: 13    God:    Xom [.*....]
Gold:   263        SH:  0    Dex:  8    Spells: 8/8 levels left

rFire    + . .     SeeInvis .   a - +0 mace (chaos)
rCold    . . .     Gourm    .   (no shield)
rNeg     . . .     Faith    .   k - +1 troll leather armour {Purgy}
rPois    .         Spirit   .   (helmet restricted)
rElec    .         Reflect  .   b - +0 cloak
rCorr    .         Harm     .   (gloves unavailable)
MR       .....                  (boots unavailable)
Stlth    +.........             (no amulet)
Regen    0.7/turn               (no ring)
MPRegen  0.2/turn               (no ring)

@: corroded, heavily drained
A: unfitting armour, antennae 2, fire resistance 1, tough skin 1, evolution 1
a: Renounce Religion


You were on level 8 of the Dungeon.
You worshipped Xom.
You were a plaything of Xom.
You were not hungry.

You visited 1 branch of the dungeon, and saw 8 of its levels.

You collected 353 gold pieces.
You spent 90 gold pieces at shops.

Inventory:

Hand Weapons
 a - a +0 mace of chaos (weapon)
 m - a +1 flail of holy wrath
 q - a +1 whip of flaming
Armour
 b - a +0 cloak (worn)
 k - a +1 troll leather armour (worn) {Purgy}
Wands
 j - a wand of random effects (8/48)
 l - a wand of digging (19/24)
 u - a wand of disintegration (5/24)
 z - a wand of confusion (21/48)
Scrolls
 s - a scroll of magic mapping
 t - a scroll of remove curse
 w - a scroll of noise {unknown}
 y - a scroll of enchant weapon
Potions
 d - 3 potions of haste
 e - 3 potions of brilliance
 g - a potion of heal wounds
 h - 4 potions of might {unknown}
 i - a potion of berserk rage
 n - 3 potions of degeneration {unknown}
 o - a potion of agility
 p - 2 potions of curing
 r - a potion of ambrosia
Comestibles
 c - 4 bread rations
 f - 5 royal jellies
 v - 2 meat rations
 x - 3 fruits
 A - a chunk of flesh


   Skills:
 + Level 9.2(7.7) Fighting
 * Level 8.7(7.3) Maces & Flails
 + Level 6.0(4.6) Dodging


You had 8 spell levels left.
You didn't know any spells.

Dungeon Overview and Level Annotations

Branches:
Dungeon (8/15)             Temple (0/1) D:5
   Lair: D:8-11

Altars:
Cheibriados
Nemelex Xobeh
Qazlal
Ru
Sif Muna
Xom
Zin


Innate Abilities, Weirdness & Mutations

You are too large for most types of armour.
You have tough skin. (AC +1)
You have a pair of antennae on your head.
Your flesh is heat resistant. (rF+)
You evolve.


Message History

The jelly is moderately wounded.
The hippogriff bites you.
* * * LOW HITPOINT WARNING * * *
The hippogriff barely misses you. The hippogriff claws you.
* * * LOW HITPOINT WARNING * * *
The jelly hits you.
* * * LOW HITPOINT WARNING * * *
You are splashed with acid!
The acid burns!
* * * LOW HITPOINT WARNING * * *
Unknown command.
Okay, then.
You feel much better. The hippogriff bites you!
* * * LOW HITPOINT WARNING * * *
The hippogriff pecks you.
* * * LOW HITPOINT WARNING * * *
The hippogriff claws you.
* * * LOW HITPOINT WARNING * * *
The hippogriff bites you!
You die...
Xom roars with laughter!

##....##..#....#.. +...
#......'..#....#.. #...
#....##..#....#.. ....
#....##..#....#.. ...
#........#....#..
#####'##....##'##....#..
...........†#........#..
............#........#<.
#.....J@....#........#..
#.....H#....#........#..
#......######........#..
#.....# #........#..
#....% #####..<.#..
#..... #....#.. #....
#.. #.... #.. #..


You could see a hippogriff (berserk) and a jelly.

Vanquished Creatures
  Pikel (D:5)
  Grinder (D:3)
  Edmund (D:4)
  A water moccasin (D:6)
  An orc warrior (D:7)
  A phantom (D:7)
  A necrophage (D:5)
  3 ogres (D:8)
  The ghost of kuniqs the Skirmisher, an amateur VSFi (D:3)
  3 bullfrogs
  A scorpion (D:8)
  3 wights (D:8)
  2 howler monkeys
  A crimson imp (D:7)
  A quasit (D:6)
  A centaur zombie (D:7)
  4 hounds
  An orc priest (D:7)
  2 orc wizards (D:3)
  Ijyb (D:3)
  4 worker ants
  7 adders
  A shadow imp (D:5)
  An adder skeleton (D:6)
  A worm (D:2)
  A dart slug (D:2)
  A leopard gecko (D:6)
  13 orcs
  3 bats
  5 giant cockroaches
  A goblin (D:3)
  5 hobgoblins
  4 jackals (D:6)
  10 kobolds
  2 quokkas
  A ball python (D:2)
  3 frilled lizards
  A jackal zombie (D:6)
  A rat (D:3)
96 creatures vanquished.

Vanquished Creatures (collateral kills)
  An orc wizard (D:3)
  An adder (D:2)
  3 orcs (D:3)
  A bat (D:3)
6 creatures vanquished.

Vanquished Creatures (others)
  Purgy (D:3)
  A wight (D:8)
  A dart slug (D:3)
  An orc (D:5)
4 creatures vanquished.

Grand Total: 106 creatures vanquished

Notes
Turn   | Place    | Note
-------+----------+-------------------------------------------
     0 | D:1      | inmateoo the Ogre Chaos Knight began the quest for the Orb.
     0 | D:1      | Reached XP level 1. HP: 24/24 MP: 1/1
    74 | D:1      | XOM: potion effect (agility)
    80 | D:1      | Reached XP level 2. HP: 27/32 MP: 2/2
   433 | D:2      | Reached XP level 3. HP: 39/39 MP: 3/3
   527 | D:3      | Found a sparkling altar of Nemelex Xobeh.
   535 | D:3      | Reached XP level 4. HP: 47/49 MP: 4/4
   551 | D:3      | XOM: cast spell 'Discord'
   625 | D:3      | Found a snail-covered altar of Cheibriados.
   840 | D:3      | Noticed Purgy
   854 | D:3      | Killed Purgy
   854 | D:3      | Reached skill level 5 in Fighting
   854 | D:3      | Reached XP level 5. HP: 56/57 MP: 5/5
   854 | D:3      | XOM: divine lightning
   856 | D:3      | XOM: harmless Conj miscast
   904 | D:3      | Noticed Ijyb
   907 | D:3      | Noticed kuniqs's ghost (amateur VSFi)
   911 | D:3      | Killed Ijyb
   917 | D:3      | XOM: scenery: create altars
   921 | D:3      | Killed kuniqs's ghost
   921 | D:3      | Reached XP level 6. HP: 42/66 MP: 6/6
   931 | D:3      | XOM: cloud trail
   982 | D:3      | Noticed Grinder
   982 | D:3      | XOM: summons 6 friendly demons
   993 | D:3      | Killed Grinder
   993 | D:3      | Reached skill level 5 in Maces & Flails
   993 | D:3      | Reached XP level 7. HP: 64/74 MP: 7/7
  1024 | D:3      | XOM: scenery: 1 doors open
  1252 | D:4      | XOM: give mutations
  1252 | D:4      | Gained mutation: You have a pair of small antennae on your head. [Xom's grace]
  1252 | D:4      | Gained mutation: You have a pair of antennae on your head. [Xom's grace]
  1252 | D:4      | Gained mutation: You evolve. [Xom's grace]
  1386 | D:4      | Reached skill level 6 in Fighting
  1417 | D:4      | Noticed Edmund
  1419 | D:4      | XOM: scenery: create altars
  1421 | D:4      | XOM: blink monster(s)
  1427 | D:4      | XOM: summons friendly ufetubus
  1440 | D:4      | Killed Edmund
  1508 | D:5      | Entered Level 5 of the Dungeon
  1566 | D:5      | Noticed Pikel
  1571 | D:5      | XOM: potion effect (brilliance)
  1583 | D:5      | Killed Pikel
  1583 | D:5      | Reached skill level 7 in Fighting
  1583 | D:5      | Reached XP level 8. HP: 61/87 MP: 8/8
  1601 | D:5      | Found a glowing silver altar of Zin.
  1602 | D:5      | Found Zin's Purification Station.
  1607 | D:5      | Bought a potion of curing for 90 gold pieces
  1805 | D:5      | XOM: mild Ice miscast
  1957 | D:5      | Found a staircase to the Ecumenical Temple.
  1976 | D:5      | XOM: cast spell 'Chain of Chaos'
  1979 | D:5      | Reached skill level 5 in Dodging
  2396 | D:6      | XOM: smoke on damage
  2582 | D:6      | XOM: cleaving
  2603 | D:6      | Reached skill level 8 in Fighting
  2745 | D:6      | XOM: 1-stop teleportation journey
  2798 | D:7      | Found a stormy altar of Qazlal.
  2909 | D:7      | Reached XP level 9. HP: 84/96 MP: 9/9
  2980 | D:7      | XOM: god gift: potion of brilliance
  3005 | D:7      | Found a sacrificial altar of Ru.
  3311 | D:7      | XOM: smoke on damage
  3440 | D:7      | XOM: mild Pois miscast
  3514 | D:8      | Reached skill level 9 in Fighting
  3631 | D:8      | Found a deep blue altar of Sif Muna.
  3643 | D:8      | XOM: enchant monster (good)
  3733 | D:8      | XOM: summons 3 friendly demons
  3750 | D:8      | XOM: harmless Tmut miscast
  3766 | D:8      | XOM: enchant monster (bad)
  3804 | D:8      | XOM: smoke on damage
  3983 | D:8      | XOM: mild Conj miscast
  4090 | D:8      | XOM: repel stairs
  4096 | D:8      | Gained mutation: Your flesh is heat resistant. (rF+) [evolution]
  4173 | D:8      | HP: 3/98 [acid (9)]
  4174 | D:8      | Slain by a hippogriff

Skill      XL: |  1  2  3  4  5  6  7  8  9 |
---------------+----------------------------+-----
Maces & Flails | 3 4 5 6 7 8 |  8.7
Fighting       | 5 7 8 9 |  9.2
Dodging        | 3 4 5 6 |  6.0

Action                   |  1- 3 |  4- 6 |  7- 9 || total
-------------------------+-------+-------+-------++-------
Melee: Mace              |    69 |    68 |   274 ||   411
Evoke: Wand              |       |     7 |     1 ||     8
  Use: Scroll            |     2 |       |    12 ||    14
       Potion            |       |       |     2 ||     2
 Stab: Confused          |       |       |     1 ||     1
       Paralysed         |       |       |     5 ||     5
       Petrified         |       |       |     4 ||     4
  Eat: Chunk             |       |       |    11 ||    11
Armor: Robe              |    57 |     6 |       ||    63
       Troll leather arm |       |    11 |    79 ||    90
Dodge: Dodged            |    65 |    28 |   133 ||   226
